 Dungeon Crawl Stone Soup version 0.21-a0-531-gacddea6 (webtiles) character file.

1584 teukkam the Gusty (level 8, -5/64 HPs)
             Began as a Gnoll Wanderer on Dec 13, 2017.
             Was a Follower of Ru.
             Slain by Erica
             ... wielding a +4 scimitar of flaming
              (13 damage)
             ... on level 8 of the Dungeon.
             The game lasted 00:24:55 (6017 turns).

teukkam the Gusty (Gnoll Wanderer)                  Turns: 6017, Time: 00:24:56

Health: -5/64      AC:  8    Str: 14    XL:     8   Next: 92%
Magic:  9/17       EV: 13    Int: 21    God:    Ru [*.....]
Gold:   218        SH:  0    Dex: 16    Spells: 15/19 levels left

rFire    . . .     SeeInvis .   a - +4 quarterstaff (chaos)
rCold    . . .     Gourm    .   (shield currently unavailable)
rNeg     . . .     Faith    .   s - +0 leather armour
rPois    .         Spirit   .   (no helmet)
rElec    .         Reflect  .   y - scarf {cloud immunity}
rCorr    .         Harm     .   o - +2 pair of gloves
MR       .....                  (no boots)
Stlth    ++++......             (no amulet)
HPRegen  0.20/turn              n - ring of stealth
MPRegen  0.15/turn              b - +5 ring of intelligence

@: slowed, very slow
A: distributed training, claws 1, fangs 1, iridescent scales 1, thin skeletal
structure 1, clumsy 1, inability to train armour, strong nose
a: Renounce Religion


You were on level 8 of the Dungeon.
You worshipped Ru.
Ru was aware of your devotion.
You were hungry.

You visited 1 branch of the dungeon, and saw 8 of its levels.

You collected 218 gold pieces.

Inventory:

Hand Weapons
 a - a +4 quarterstaff of chaos (weapon)
 d - a +0 dagger
 e - a +1 short sword of freezing
 j - a +0 mace of protection
 w - a +2 spear
 D - a +0 whip of electrocution
Missiles
 g - 3 poisoned javelins (quivered)
 q - 6 javelins
 r - 4 tomahawks
Armour
 o - a +2 pair of gloves (worn)
 s - a +0 leather armour (worn)
 y - a scarf of cloud immunity (worn)
Jewellery
 b - a +5 ring of intelligence (right hand)
 h - an uncursed ring of protection from cold
 n - a ring of stealth (left hand)
Wands
 i - a wand of paralysis (14)
Scrolls
 k - 2 scrolls of remove curse
 l - 5 scrolls of identify
 t - a scroll of fog
 u - a scroll of enchant weapon
Potions
 m - 2 potions of haste
 p - a potion of might
 z - a potion of berserk rage
Books
 c - Sif Muna's Handbook of Weightlessness

   Spells                             Type                      Level
   a - Shock                          Conjuration/Air              1
   b - Mephitic Cloud                 Conjuration/Poison/Air       3
Comestibles
 f - 5 bread rations
 C - a meat ration


   Skills:
 + Level 5.9 Fighting
 + Level 3.6 Short Blades
 + Level 3.6 Long Blades
 + Level 3.6 Axes
 + Level 3.6 Maces & Flails
 + Level 3.6 Polearms
 + Level 3.6 Staves
 + Level 3.6 Slings
 + Level 3.6 Bows
 + Level 3.6 Crossbows
 + Level 3.6 Throwing
   Level 0.0 Armour
 + Level 3.6 Dodging
 + Level 5.6 Stealth
 + Level 3.6 Shields
 + Level 3.6 Unarmed Combat
 + Level 6.2 Spellcasting
 + Level 3.0 Conjurations
 + Level 3.0 Hexes
 + Level 3.0 Charms
 + Level 3.0 Summonings
 + Level 3.0 Necromancy
 + Level 3.0 Translocations
 + Level 3.0 Transmutations
 + Level 3.0 Fire Magic
 + Level 3.0 Ice Magic
 + Level 6.2 Air Magic
 + Level 3.0 Earth Magic
 + Level 3.0 Poison Magic
 + Level 4.0 Invocations
 + Level 3.6 Evocations


You had 15 spell levels left.
You knew the following spells:

 Your Spells              Type           Power        Failure   Level  Hunger
a - Shock                 Conj/Air       ####         1%          1    None
b - Mephitic Cloud        Conj/Pois/Air  ###.....     7%          3    #......


Dungeon Overview and Level Annotations

Branches:
Dungeon (8/15)
 Temple: D:4-7         Lair: D:8-11

Altars:
Ashenzari
Dithmenos
Gozag
Hepliaklqana
Okawaru
Ru
Vehumet
Wu Jian
Yredelemnul
The Shining One

Annotations:
D:8 Erica


Innate Abilities, Weirdness & Mutations

Your experience applies equally to all skills.
You have very sharp teeth.
You cannot train Armour skill.
Your uncanny sense of smell can sniff out nearby items.
You have sharp fingernails.
You are partially covered in iridescent scales. (AC +2)
You have a somewhat thin skeletal structure. (Dex +2, Stealth)
You are clumsy. (Dex -2)


Message History

You thump something!
Your skin tingles.
You bite something.
You hear some strange, mumbled words.
You feel as though you will be slow longer.
You barely miss something. Something hits you. Something burns you.
Something hits you! Something burns you.
You hit something but do no damage. Something hits you!
* * * LOW HITPOINT WARNING * * *
Something burns you.
* * * LOW HITPOINT WARNING * * *
Casting: Mephitic Cloud
Confirm with . or Enter, or press ? or * to list all spells.
You can't see any susceptible monsters within range! (Use Z to cast anyway.)
Casting: Mephitic Cloud
Confirm with . or Enter, or press ? or * to list all spells.
Aiming: Mephitic Cloud
Press: ? - help, Shift-Dir - straight line The ball explodes into a vile cloud!
The stinking cloud engulfs something.
The stinking cloud engulfs you! Something hits you but does no damage.
You miss something. Something hits you!
You die...

####### ##.§§..##
##..@{§..##
#<..§.§...#
#.........#
..####.........##
.........<........
...####...........
#...........
#<..........
#...........


There were no monsters in sight!

Vanquished Creatures
  Pikel (D:5)
  A steam dragon (D:8)
  A sky beast (D:5)
  An eye of draining (D:8)
  A slave (D:5)
  2 ogres
  2 scorpions (D:5)
  A crimson imp (D:5)
  A jelly (D:5)
  Crazy Yiuf (D:5)
  A centaur skeleton (D:7)
  A hound (D:7)
  2 bullfrog skeletons (D:4)
  2 iguanas (D:4)
  Terence (D:2)
  3 worker ants
  4 hound skeletons
  3 gnolls (D:2)
  5 adders
  2 shadow imps (D:5)
  2 oozes
  An adder skeleton (D:4)
  A worm (D:2)
  3 dart slugs
  8 leopard geckos
  5 orcs
  5 giant cockroaches
  6 goblins
  6 hobgoblins
  11 jackals
  2 kobolds (D:3)
  4 quokkas
  2 ball pythons
  7 bats
  3 frilled lizards
  A leopard gecko zombie (D:5)
  5 rats
108 creatures vanquished.

Vanquished Creatures (others)
  A scorpion (D:8)
1 creature vanquished.

Grand Total: 109 creatures vanquished

Notes
Turn   | Place    | Note
-------+----------+-------------------------------------------
     0 | D:1      | teukkam the Gnoll Wanderer began the quest for the Orb.
     0 | D:1      | teukkam set off with: a +2 spear, a +0 ring mail, Sif Muna's Handbook of Weightlessness, a +0 dagger, a bread ration
     0 | D:1      | Reached XP level 1. HP: 20/20 MP: 6/6
     0 | D:1      | Identified Sif Muna's Handbook of Weightlessness
     2 | D:1      | Learned a level 1 spell: Shock
    77 | D:1      | Reached XP level 2. HP: 25/26 MP: 0/7
   557 | D:1      | Reached XP level 3. HP: 31/31 MP: 9/9
   877 | D:2      | Reached skill level 5 in Spellcasting
   973 | D:2      | Found a sacrificial altar of Ru.
   975 | D:2      | Found a glowing golden altar of the Shining One.
   977 | D:2      | Found a shadowy altar of Dithmenos.
   982 | D:2      | Became a worshipper of Ru the Awakened
   984 | D:2      | Found an iron altar of Okawaru.
   985 | D:2      | Found a hazy altar of Hepliaklqana.
   985 | D:2      | Found a shattered altar of Ashenzari.
   985 | D:2      | Found a basalt altar of Yredelemnul.
   986 | D:2      | Found a radiant altar of Vehumet.
   988 | D:2      | Found an opulent altar of Gozag.
   989 | D:2      | Found an ornate altar of the Wu Jian Council.
  1021 | D:2      | Reached skill level 1 in Invocations
  1137 | D:2      | Noticed Terence
  1144 | D:2      | Killed Terence
  1144 | D:2      | Reached skill level 1 in Short Blades
  1144 | D:2      | Reached skill level 1 in Long Blades
  1144 | D:2      | Reached skill level 1 in Axes
  1144 | D:2      | Reached skill level 1 in Maces & Flails
  1144 | D:2      | Reached skill level 1 in Polearms
  1144 | D:2      | Reached skill level 1 in Staves
  1144 | D:2      | Reached skill level 1 in Slings
  1144 | D:2      | Reached skill level 1 in Bows
  1144 | D:2      | Reached skill level 1 in Crossbows
  1144 | D:2      | Reached skill level 1 in Throwing
  1144 | D:2      | Reached skill level 1 in Dodging
  1144 | D:2      | Reached skill level 1 in Shields
  1144 | D:2      | Reached skill level 1 in Unarmed Combat
  1144 | D:2      | Reached skill level 1 in Evocations
  1144 | D:2      | Reached XP level 4. HP: 38/38 MP: 9/11
  1184 | D:2      | Learned a level 3 spell: Mephitic Cloud
  1494 | D:2      | Reached skill level 1 in Conjurations
  1494 | D:2      | Reached skill level 1 in Hexes
  1494 | D:2      | Reached skill level 1 in Charms
  1494 | D:2      | Reached skill level 1 in Summonings
  1494 | D:2      | Reached skill level 1 in Necromancy
  1494 | D:2      | Reached skill level 1 in Translocations
  1494 | D:2      | Reached skill level 1 in Transmutations
  1494 | D:2      | Reached skill level 1 in Fire Magic
  1494 | D:2      | Reached skill level 1 in Ice Magic
  1494 | D:2      | Reached skill level 1 in Earth Magic
  1494 | D:2      | Reached skill level 1 in Poison Magic
  1498 | D:2      | Reached XP level 5. HP: 28/43 MP: 6/12
  2458 | D:4      | Noticed an ogre
  2755 | D:4      | Killed an ogre
  2755 | D:4      | Reached XP level 6. HP: 50/50 MP: 9/14
  2837 | D:4      | Reached skill level 5 in Fighting
  2858 | D:4      | Gained mutation: You cannot train Armour skill. [Ru sacrifice]
  2858 | D:4      | Reached * piety under Ru
  3480 | D:4      | Noticed a phantom
  3844 | D:5      | Entered Level 5 of the Dungeon
  3852 | D:5      | Noticed Pikel
  3852 | D:5      | Noticed a slave
  3926 | D:5      | Reached XP level 7. HP: 45/56 MP: 15/15
  4221 | D:5      | Found a radiant altar of Vehumet.
  4346 | D:5      | Found a runed door.
  4350 | D:5      | Noticed Crazy Yiuf
  4355 | D:5      | Killed Crazy Yiuf
  4643 | D:5      | Killed Pikel
  4643 | D:5      | Reached skill level 5 in Stealth
  4643 | D:5      | Reached XP level 8. HP: 24/63 MP: 9/16
  5214 | D:5      | Gained mutation: You are clumsy. (Dex -2) [mutagenic meat]
  5215 | D:5      | Gained mutation: You are partially covered in iridescent scales. (AC +2) [mutagenic meat]
  5216 | D:5      | Gained mutation: You have a somewhat thin skeletal structure. (Dex +2, Stealth) [mutagenic meat]
  5217 | D:5      | Gained mutation: You have sharp fingernails. [mutagenic meat]
  5468 | D:8      | Noticed Erica
  6017 | D:8      | Slain by Erica

Vault maps used:
D:1:      giann_bridges, serial_curves, eino_curves_02, eino_curves_03,
          eino_curves_02
D:2:      cheibrodos_old_hovel, minitemple, first_bread, uniq_terence
D:5:      basic_altar, uniq_crazy_yiuf_cottage, uniq_pikel
D:6:      temple_statues
D:7:      grunt_ogre_cave
D:8:      gammafunk_temple_overflow_pools, serial_curves, eino_curves_02,
          eino_curves_03, uniq_erica, uniq_maurice, uniq_joseph

Skill      XL: |  1  2  3  4  5  6  7  8 |
---------------+-------------------------+-----
Spellcasting   | 5 6 |  6.2
Invocations    | 1 2 3 4 |  4.0
Short Blades   | 1 2 3 |  3.6
Long Blades    | 1 2 3 |  3.6
Axes           | 1 2 3 |  3.6
Maces & Flails | 1 2 3 |  3.6
Polearms       | 1 2 3 |  3.6
Staves         | 1 2 3 |  3.6
Slings         | 1 2 3 |  3.6
Bows           | 1 2 3 |  3.6
Crossbows      | 1 2 3 |  3.6
Throwing       | 1 2 3 |  3.6
Dodging        | 1 2 3 |  3.6
Shields        | 1 2 3 |  3.6
Unarmed Combat | 1 2 3 |  3.6
Evocations     | 1 2 3 |  3.6
Conjurations   | 1 2 3 |  3.0
Hexes          | 1 2 3 |  3.0
Charms         | 1 2 3 |  3.0
Summonings     | 1 2 3 |  3.0
Necromancy     | 1 2 3 |  3.0
Translocations | 1 2 3 |  3.0
Transmutations | 1 2 3 |  3.0
Fire Magic     | 1 2 3 |  3.0
Ice Magic      | 1 2 3 |  3.0
Earth Magic    | 1 2 3 |  3.0
Poison Magic   | 1 2 3 |  3.0
Armour         | 3 0 |  0.0
Fighting       | 5 |  5.9
Stealth        | 5 |  5.6
Air Magic      | 6 |  6.2

Action                   |  1- 3 |  4- 6 |  7- 9 || total
-------------------------+-------+-------+-------++-------
Melee: Spear             |    58 |   102 |       ||   160
       Bite              |     7 |    18 |    12 ||    37
       Punch             |     1 |       |       ||     1
       Short sword       |       |    85 |    20 ||   105
       Quarterstaff      |       |       |    90 ||    90
Throw: Javelin           |     2 |     3 |    10 ||    15
       Tomahawk          |       |     4 |       ||     4
 Cast: Shock             |     8 |    20 |    12 ||    40
       Mephitic Cloud    |       |     2 |    12 ||    14
Invok: Sacrifice Durabil |       |     1 |       ||     1
  Use: Scroll            |       |     3 |     5 ||     8
       Potion            |       |     2 |     5 ||     7
 Stab: Sleeping          |    13 |    18 |     2 ||    33
       Confused          |       |     1 |     3 ||     4
       Paralysed         |       |       |     1 ||     1
  Eat: Chunk             |     1 |     3 |     4 ||     8
       Meat ration       |       |     1 |     1 ||     2
       Royal jelly       |       |       |     1 ||     1
Armor: Ring mail         |    12 |       |       ||    12
       Leather armour    |       |    27 |    11 ||    38
       Skin              |       |       |    11 ||    11
Dodge: Dodged            |    22 |   102 |    70 ||   194

Table legend:
 A = Spawn XP
 B = Non-spawn XP
 C = Spawn XP percentage of total XP
 D = Spawn monster count
 E = Non-spawn monster count
 F = Spawn count percentage of total count
 G = Total turns spent on level
                    A         B        C        D         E        F      G
               +---------+---------+-------+---------+---------+-------+---------
         Total |       0 |    2264 |   0.0 |       0 |     108 |   0.0 |  6017
               +---------+---------+-------+---------+---------+-------+---------
           D:1 |       0 |      36 |   0.0 |       0 |      17 |   0.0 |   858
           D:2 |       0 |     156 |   0.0 |       0 |      25 |   0.0 |   928
           D:3 |       0 |     106 |   0.0 |       0 |      22 |   0.0 |  1160
           D:4 |       0 |     307 |   0.0 |       0 |      15 |   0.0 |   920
           D:5 |       0 |    1087 |   0.0 |       0 |      17 |   0.0 |  1548
           D:7 |       0 |     207 |   0.0 |       0 |       8 |   0.0 |   500
           D:8 |       0 |     365 |   0.0 |       0 |       4 |   0.0 |    71
               +---------+---------+-------+---------+---------+-------+---------
